 Dungeon Crawl Stone Soup version 0.23.1-37-gaa34b87 (webtiles) character file.

Game seed: 1246279336176771156

294 Lauz the Caller (level 6, -10/32 HPs)
             Began as a Deep Elf Summoner on Mar 22, 2019.
             Was an Initiate of Sif Muna.
             Shot with an arrow by a centaur (16 damage)
             ... on level 5 of the Dungeon.
             The game lasted 00:24:45 (4333 turns).

Lauz the Caller (Deep Elf Summoner)                 Turns: 4333, Time: 00:24:45

Health: -10/32     AC:  2    Str:  5    XL:     6   Next: 11%
Magic:  7/17       EV: 13    Int: 22    God:    Sif Muna [......]
Gold:   257        SH:  0    Dex: 15    Spells: 14/17 levels left

rFire    . . .     SeeInvis .   (no weapon)
rCold    . . .     Gourm    .   (no shield)
rNeg     . . .     Faith    .   a - +0 robe
rPois    .         Spirit   .   (no helmet)
rElec    .         Reflect  .   (no cloak)
rCorr    .         Harm     .   (no gloves)
MR       .....                  (no boots)
Stlth    ++........             j - amulet of the acrobat
HPRegen  0.10/turn              (no ring)
MPRegen  0.15/turn              (no ring)

@: no status effects
A: no striking features
a: Renounce Religion


You were on level 5 of the Dungeon.
You worshipped Sif Muna.
Sif Muna was noncommittal.
You were hungry.

You visited 2 branches of the dungeon, and saw 6 of its levels.

You collected 257 gold pieces.

Inventory:

Armour
 a - a +0 robe (worn)
 h - a +0 shield
Jewellery
 j - an amulet of the acrobat (around neck)
Scrolls
 b - 3 scrolls of identify {unknown}
 d - 2 scrolls of teleportation {unknown}
 f - a scroll of noise {unknown}
 g - a scroll of amnesia {unknown}
 i - 9 scrolls of remove curse {unknown}
 k - a scroll of enchant armour {unknown}
 l - a scroll of magic mapping {unknown}
Potions
 e - 2 potions of curing {unknown}
 m - a potion of flight {unknown}
Comestibles
 c - 8 rations


   Skills:
 + Level 2.6 Dodging
 - Level 2.4 Stealth
 + Level 6.1 Spellcasting
 + Level 6.6 Summonings


You had 14 spell levels left.
You knew the following spells:

 Your Spells              Type           Power        Failure   Level  Hunger
a - Summon Small Mammal   Summ           ####         1%          1    None
b - Call Imp              Summ           #####...     1%          2    None

Your spell library contained the following spells:

 Spells                   Type           Power        Failure   Level  Hunger
 Call Canine Familiar     Summ           #####...     1%          3    #......
 Summon Guardian Golem    Hex/Summ       ###.....     7%          3    #......
 Summon Ice Beast         Ice/Summ       ###.....     22%         4    ###....
 Summon Lightning Spire   Summ/Air       ###.....     22%         4    ###....


Dungeon Overview and Level Annotations

Branches:
Dungeon (5/15)             Temple (1/1) D:4

Altars:
Ashenzari
Dithmenos
Elyvilon
Fedhas
Gozag
Hepliaklqana
Kikubaaqudgha
Makhleb
Nemelex Xobeh
Okawaru
Qazlal
Ru
Sif Muna
Trog
Uskayaw
Vehumet
Wu Jian
Xom
Yredelemnul
The Shining One

Shops:
D:4 (


Message History

Confirm with . or Enter, or press ? or * to list all spells.
You swap places.
The centaur shoots an arrow.
The arrow hits your crimson imp!
The centaur shoots an arrow.
The arrow hits your crimson imp!
Your crimson imp dies!
The centaur shoots an arrow.
The arrow hits your quokka!
Your quokka dies!
Your quokka's corpse disappears in a puff of smoke!
The centaur unwields a +0 shortbow.
The centaur barely misses your quokka.
The centaur wields a +0 shortbow.
The centaur shoots an arrow.
The arrow hits your crimson imp!
Your quokka bites the centaur.
Your crimson imp blinks!
Your quokka disappears in a puff of smoke!
The centaur shoots an arrow.
The arrow barely misses you.
Your quokka barely misses the centaur.
Casting: Summon Small Mammal (safe; 1% risk of failure)
Confirm with . or Enter, or press ? or * to list all spells.
The centaur shoots an arrow.
The arrow hits you!
Ouch! That really hurt!
You die...

.. #....# ##..## .. ##.....#
###.)## #. ##...5..# ###...##
#.##......# #....##
#.........# ##...##
##........# ##.....##
#........# ##.......#
#.5.r...###.[......##
#..##c..##@.........# ###
##.#####c...........##
...#####.####.r.#..........#
......##r.##...##..........##
.......#(.#...###...........#
.5....§c5....## ##..........#
...c.((..(..## ##.........#
.........(..# ###.......#
.........##..# ##.....##


You could see a centaur and a friendly quokka.

Vanquished Creatures
  A bat (D:1)
1 creature vanquished.

Vanquished Creatures (collateral kills)
  A scorpion (D:4)
  2 bullfrog zombies (D:5)
  2 hounds
  An orc wizard (D:3)
  An iguana (D:4)
  2 worker ants (D:4)
  A worker ant zombie (D:5)
  7 gnolls (D:2)
  7 adders
  An ooze (D:1)
  2 worms (D:2)
  2 dart slugs
  3 leopard geckos
  9 orcs
  2 ball pythons (D:3)
  12 bats
  5 giant cockroaches
  9 goblins
  8 hobgoblins
  7 jackals
  5 quokkas
  12 frilled lizards
  8 kobolds
  A leopard gecko zombie (D:5)
  10 rats
120 creatures vanquished.

Vanquished Creatures (others)
  A frilled lizard (D:1)
1 creature vanquished.

Grand Total: 122 creatures vanquished

Notes
Turn   | Place    | Note
-------+----------+-------------------------------------------
     0 | D:1      | Lauz the Deep Elf Summoner began the quest for the Orb.
     0 | D:1      | Reached XP level 1. HP: 10/10 MP: 6/6
   276 | D:1      | Reached XP level 2. HP: 15/15 MP: 2/8
  1036 | D:1      | Reached skill level 5 in Summonings
  1122 | D:1      | Learned a level 2 spell: Call Imp
  1253 | D:2      | Reached XP level 3. HP: 19/19 MP: 6/10
  1735 | D:2      | Reached XP level 4. HP: 24/24 MP: 1/12
  2523 | D:3      | Reached skill level 5 in Spellcasting
  2942 | D:3      | Reached XP level 5. HP: 28/28 MP: 8/14
  3230 | D:3      | Found a shadowy altar of Dithmenos.
  3490 | D:4      | Found a staircase to the Ecumenical Temple.
  3663 | Temple   | Entered the Ecumenical Temple
  3784 | Temple   | Became a worshipper of Sif Muna the Loreminder
  3859 | D:4      | Found Roproll's Antique Weapon Shoppe.
  4152 | D:5      | Entered Level 5 of the Dungeon
  4268 | D:5      | Reached XP level 6. HP: 32/32 MP: 12/16
  4333 | D:5      | Shot with an arrow by a centaur

Skill      XL: |  1  2  3  4  5  6 |
---------------+-------------------+-----
Summonings     | 5 6 |  6.6
Spellcasting   | 4 5 6 |  6.1
Dodging        | |  2.6
Stealth        | |  2.4

Action                   |  1- 3 |  4- 6 || total
-------------------------+-------+-------++-------
Melee: Unarmed           |     1 |     1 ||     2
 Cast: Summon Small Mamm |    67 |    47 ||   114
       Call Imp          |    24 |    77 ||   101
  Eat: Chunk             |     3 |     7 ||    10
Armor: Robe              |     4 |     5 ||     9
Dodge: Dodged            |    19 |    55 ||    74
